 Dungeon Crawl Stone Soup version 0.19-a0-465-g1d1674b (webtiles) character file.

63 Ijustatesigmund the Magician (level 3, 0/16 HPs)
             Began as a Spriggan Wizard on June 3, 2016.
             Succumbed to an adder's poison
             ... on level 2 of the Dungeon.
             The game lasted 00:12:31 (2882 turns).

Ijustatesigmund the Magician (Spriggan Wizard)      Turns: 2882, Time: 00:12:32

Health: 0/16       AC:  2    Str:  8    XL:     3   Next: 87%
Magic:  7/10       EV: 19    Int: 20    God:
Gold:   57         SH:  0    Dex: 16    Spells: 3 memorised, 7 levels left

rFire  . . .     SeeInvis +     e - +1 dagger
rCold  . . .     Gourm    .     a - +0 robe
rNeg   . . .     Faith    .     (shield restricted)
rPois  .         Spirit   .     b - +0 hat
rElec  .         Dismiss  .     (no cloak)
rCorr  .         Reflect  .     (gloves unavailable)
SustAt .         Harm     .     (boots unavailable)
MR     .....                    (no amulet)
Stlth  +++.......               (no ring)
                                (no ring)

@: mighty, lethally poisoned (0 -> -3), very slightly contaminated, invisible,
very quick, not resistant to hostile enchantments, fairly stealthy
A: unfitting armour, antennae 1, see invisible, agile 1, deterioration 1,
herbivore 3, speed 3, slow metabolism 2
a: no special abilities


You were on level 2 of the Dungeon.
You were not hungry.

You visited 1 branch of the dungeon, and saw 3 of its levels.
You also visited: Sewer.

You collected 57 gold pieces.

Inventory:

Hand Weapons
 e - a +1 dagger (weapon)
 u - a +1 war axe of flaming
Armour
 a - a +0 robe (worn)
 b - a +0 hat (worn)
Scrolls
 f - a scroll of magic mapping
 p - a scroll of enchant armour {unknown}
 q - a scroll of blinking {unknown}
 s - a scroll of fear {unknown}
Potions
 g - 2 potions of flight
 i - a potion of might
 k - a potion of haste {unknown}
 o - a potion of beneficial mutation {unknown}
 r - 2 potions of invisibility
Books
 c - a book of Minor Magic

   Spells                             Type                      Level
   a - Magic Dart                     Conjuration                  1
   b - Blink                          Translocation                2
   c - Call Imp                       Summoning                    2
   d - Repel Missiles                 Charms/Air                   2
   e - Slow                           Hexes                        2
   f - Conjure Flame                  Conjuration/Fire             3
   g - Mephitic Cloud                 Conjuration/Poison/Air       3
 j - a book of Misfortune

   Spells                             Type                      Level
   a - Confusing Touch                Hexes                        2
   b - Confuse                        Hexes                        3
   c - Gell's Gravitas                Hexes/Translocation          3
   d - Petrify                        Transmutation/Earth          4
   e - Metabolic Englaciation         Hexes/Ice                    5
   f - Yara's Violent Unravelling     Hexes/Transmutation          5
Comestibles
 d - 3 bread rations
 l - a slice of pizza
 n - 4 fruits


   Skills:
 + Level 1.3 Short Blades
 + Level 4.1 Dodging
 + Level 3.1 Stealth
 - Level 5.0 Spellcasting
 - Level 0.6 Conjurations
   Level 0.7 Summonings
 + Level 2.0 Translocations


You had 7 spell levels left.
You knew the following spells:

 Your Spells              Type           Power        Failure   Level  Hunger
a - Magic Dart            Conj           #...         12%         1    None
b - Blink                 Tloc           N/A          10%         2    None
c - Repel Missiles        Chrm/Air       #.....       21%         2    None


Dungeon Overview and Level Annotations

Branches:
Dungeon (3/15)

Altars:
Vehumet
Zin

Annotations:
D:2 Terence


Innate Abilities, Weirdness & Mutations

You are tiny and cannot use many weapons and most armour.
You have supernaturally acute eyesight. (SInv)
You are a herbivore.
You cover ground extremely quickly.
You need consume almost no food.
You have a pair of small antennae on your head.
You are agile. (Dex +2)
Your body sometimes deteriorates upon taking damage.


Message History

It was a potion of invisibility.
You fade into invisibility!
* * * LOW HITPOINT WARNING * * *
You feel sick.
You are very lightly contaminated with residual magic.
It was a potion of might.
You feel very mighty all of a sudden.
You feel sick. The adder bites you.
* * * LOW HITPOINT WARNING * * *
You puncture the adder!
The adder is almost dead.
The adder completely misses you.
You puncture the adder!
You kill the adder!
Your Translocations skill increases to level 2!
It was a potion of mutation.
You feel extremely strange.
You feel agile. A pair of antennae grows on your head!
You feel yourself wasting away.
You die...

#######.#.##.......# ####
#...##.).....# ...#
#.#)##.......######## ...#
#.#.##..............# ...#
#.#.##.......######.# ...#
#.#.##.......# .# ...#
#.#.##.......# .#
...####.#.###.###.#######.#
................@†......>.#
#.#.###.......###########.#
#.#.# ###.........# .#
#.#.# #..######.#### .#
#.#.## ##.# #.##<# .#
.....# #.# #.##.# .# .....#
#.# ##.##.####.# #....# #.#
#..........# #....#####.#
#..##.######


There were no monsters in sight!

Vanquished Creatures
  2 adders (D:2)
  2 oozes (D:1)
  2 dart slugs
  A ball python (D:1)
  3 bats
  3 goblins
  2 hobgoblins
  2 jackals (Sewer)
  2 quokkas
  A giant newt (D:1)
  10 kobolds
  5 rats
35 creatures vanquished.

Notes
Turn   | Place    | Note
--------------------------------------------------------------
     0 | D:1      | Ijustatesigmund the Spriggan Wizard began the quest for the Orb.
     0 | D:1      | Reached XP level 1. HP: 9/9 MP: 6/6
   560 | D:1      | Reached XP level 2. HP: 13/13 MP: 1/8
   564 | D:1      | Learned a level 2 spell: Blink
   849 | D:1      | You fall through a shaft!
  1386 | D:2      | Noticed Terence
  1435 | D:2      | Found a radiant altar of Vehumet.
  1479 | D:2      | Learned a level 2 spell: Repel Missiles
  1512 | D:2      | Reached XP level 3. HP: 11/16 MP: 10/10
  1695 | D:1      | Reached skill level 1 in Short Blades
  2271 | D:2      | Reached skill level 5 in Spellcasting
  2377 | D:3      | Found a glowing silver altar of Zin.
  2377 | D:3      | Found a glowing drain.
  2384 | Sewer    | Entered a sewer
  2786 | Sewer    | Noticed a crocodile
  2882 | D:2      | Gained mutation: You are agile. (Dex +2) [potion of mutation]
  2882 | D:2      | Gained mutation: You have a pair of small antennae on your head. [potion of mutation]
  2882 | D:2      | Gained mutation: Your body sometimes deteriorates upon taking damage. [potion of mutation]
  2882 | D:2      | Succumbed to an adder's poison

Vault maps used:
D:1:      evilmike_arrival_fibonacci_small, serial_bayou_crossing
D:2:      vehumet_crystals, first_bread, uniq_terence
D:3:      overflow_temple_1_default, overflow_temple_1_default,
          portal_sewer_entry_a, minmay_misc_feat_four_crosses
Sewer:    sewer_the_crocodile

Skill      XL: |  1  2  3 |
---------------+----------+-----
Dodging        | 4 |  4.1
Short Blades   | 1 |  1.3
Spellcasting   | 5 |  5.0
Translocations | 2 |  2.0
Stealth        | |  3.1
Conjurations   | |  0.6
Summonings     | |  0.7

Action                   || total
-------------------------++-------
Melee: Unarmed           ||     8
       Dagger            ||    33
 Cast: Magic Dart        ||   119
       Blink             ||     4
       Repel Missiles    ||     1
  Use: Scroll            ||     5
       Potion            ||     3
 Stab: Sleeping          ||     1
Armor: Robe              ||     6
Dodge: Dodged            ||    66
       Deflected         ||     1
